 Dungeon Crawl Stone Soup version 0.18.1-48-g4cf74bf (webtiles) character file.

19927 Alarkh the Martial Artist (level 12, -14/89 HPs)
             Began as a Vampire Skald on July 19, 2016.
             Was a Priest of Kikubaaqudgha.
             Demolished by a blink frog (15 damage)
             ... on level 2 of the Lair of Beasts.
             The game lasted 00:33:38 (11115 turns).

Alarkh the Martial Artist (Vampire Skald)          Turns: 11115, Time: 00:33:38

Health: -14/89     AC:  9    Str: 11    XL:     12   Next: 40%
Magic:  13/22      EV: 19    Int: 19    God:    Kikubaaqudgha [***...]
Gold:   791        SH:  0    Dex: 14    Spells: 6 memorised, 7 levels left

rFire  + . .     SeeInvis +       - Unarmed
rCold  . . .     Gourm    .     v - +3 leather armour {rF+}
rNeg   . . .     Faith    .     (no shield)
rPois  +         Spirit   .     E - +0 helmet
rElec  .         Dismiss  .     (no cloak)
rCorr  .         Reflect  .     f - +1 pair of gloves
SustAt .         Harm     .     (no boots)
MR     +....                    (no amulet)
Stlth  +++++.....               o - ring of poison resistance
                                C - +3 ring of evasion

@: regenerating, somewhat resistant to hostile enchantments, quite stealthy
A: fangs 3, see invisible, unbreathing
a: Receive Corpses, Renounce Religion


You were on level 2 of the Lair of Beasts.
You worshipped Kikubaaqudgha.
Kikubaaqudgha was most pleased with you.
You were very full.

You visited 3 branches of the dungeon, and saw 13 of its levels.
You also visited: Ossuary and Volcano.

You collected 933 gold pieces.
You spent 142 gold pieces at shops.

Inventory:

Missiles
 u - 5 throwing nets (quivered)
Armour
 f - a +1 pair of gloves (worn)
 t - a +3 leather armour
 v - a +3 leather armour of fire resistance (worn)
 E - a +0 helmet (worn)
 F - a +1 robe of fire resistance
 L - a +0 leather armour of fire resistance
Magical Staves
 G - an uncursed staff of cold
 Q - an uncursed staff of fire
 U - an uncursed staff of summoning
Jewellery
 g - an uncursed ring of flight
 l - an uncursed ring of wizardry
 o - a ring of poison resistance (right hand)
 C - a +3 ring of evasion (left hand)
 X - an uncursed ring of sustain attributes
Wands
 a - a wand of slowing (26/48)
 r - a wand of lightning (5/15)
 w - a wand of heal wounds (5/9)
 R - a wand of acid (9/15)
Scrolls
 b - a scroll of acquirement {unknown}
 d - 2 scrolls of teleportation
 e - 3 scrolls of enchant armour
 j - 3 scrolls of immolation
 p - a scroll of amnesia {unknown}
 x - a scroll of noise {unknown}
 y - 3 scrolls of fear {unknown}
 z - 2 scrolls of fog {unknown}
 A - 4 scrolls of remove curse
 B - 2 scrolls of recharging
 D - 2 scrolls of magic mapping
 H - a scroll of enchant weapon
 K - a scroll of vulnerability {unknown}
 M - a scroll of torment {unknown}
 T - a scroll of summoning {unknown}
Potions
 c - 35 potions of blood
 h - a potion of heal wounds
 i - 14 potions of curing
 k - a potion of berserk rage
 m - 2 potions of might
 n - 5 potions of brilliance
 q - 2 potions of haste
 s - a potion of agility
 I - a potion of resistance {unknown}
 J - 2 potions of flight


   Skills:
 + Level 6.9 Fighting
 - Level 0.7 Armour
 + Level 7.9 Dodging
 + Level 10.9 Stealth
 * Level 14.2 Unarmed Combat
 + Level 6.7 Spellcasting
 - Level 3.2 Charms
 + Level 7.7 Necromancy


You had 7 spell levels left.
You knew the following spells:

 Your Spells              Type           Power        Failure   Level  Hunger
a - Infusion              Chrm           ###.         4%          1    None
b - Shroud of Golubria    Chrm/Tloc      ##........   12%         2    None
c - Regeneration          Chrm/Necr      ####......   4%          3    ##.....
d - Sublimation of Blood  Necr           #####.....   1%          2    None
e - Dispel Undead         Necr           #####...     21%         5    #####..
f - Control Undead        Necr           #####.....   8%          4    ####...


Dungeon Overview and Level Annotations

Branches:
Dungeon (9/15)             Temple (1/1) D:6            Lair (3/8) D:9
    Orc (0/2) D:9
  Swamp: Lair:3-6    Shoals: Lair:3-6     Snake: Lair:3-6    Spider: Lair:3-6

Altars:
Ashenzari
Cheibriados
Dithmenos
Elyvilon
Fedhas
Gozag
Kikubaaqudgha
Makhleb
Nemelex Xobeh
Okawaru
Pakellas
Qazlal
Ru
Sif Muna
Trog
Vehumet
Xom
Yredelemnul
Zin
The Shining One

Shops:
D:8 ?


Innate Abilities, Weirdness & Mutations

Your natural rate of healing is unusually fast.
You have razor-sharp teeth.
You have supernaturally acute eyesight.
You can survive without breathing.


Message History

Casting: Regeneration
Confirm with . or Enter, or press ? or * to list all spells.
Your skin crawls.
Drink which item? (? for menu, Esc to quit)
Yummy - fresh blood!
The blink frog misses you.
The blink frog blinks!
The blink frog hits you!
* * * LOW HITPOINT WARNING * * *
Casting: Regeneration
Confirm with . or Enter, or press ? or * to list all spells.
Space distorts slightly along a thin shroud covering your body.
The blink frog barely misses you. The blink frog hits you!
* * * LOW HITPOINT WARNING * * *
The blink frog hits you but does no damage.
The blink frog hits you!
* * * LOW HITPOINT WARNING * * *
Your shroud falls apart!
The blink frog blinks!
The blink frog hits you!
You die...
Kikubaaqudgha rasps: "You have failed me!
Welcome... oblivion!"

...§≈§§≈..#
#######...#
...≈§§§≈.##
##..##....###
...§§≈≈≈.#
#...........#
...≈≈§§≈.#
#...........##
...≈≈§§§.#
#............#
...≈≈§§≈§##
#...........##
...≈§≈§≈..#
#...........#
.§.≈≈§≈≈..#
#§..........##
..§≈≈§≈≈.P#
#.@..........#
..§§≈≈≈§§P#
#F..........##
..§≈##§§.##
#.....(....[.#
...§###≈..#
##...........##
#.§≈##≈≈.##
#............#
#P.§###≈.#
#......F.....#
P..≈###≈.#
##..PPPPP....#
...§§##≈.#
#..P≈≈≈P....##
...§≈##≈.#
#..P≈≈≈P.....#


You could see 2 blink frogs.

Vanquished Creatures
  Gastronok (Lair:2)
  2 hydras (Lair:1)
  Erica (D:8)
  The ghost of Wellan the Protected, a novice MiFi (Lair:1)
  A salamander mystic (Volcano)
  6 salamanders (Volcano)
  Joseph (D:8)
  3 spiny frogs
  A centaur skeleton (D:8)
  A black mamba (Lair:1)
  A rime drake (Lair:2)
  3 komodo dragons (Lair:1)
  20 yaks
  3 fire elementals (Lair:2)
  A wyvern (D:8)
  Grum (D:8)
  2 basilisks
  Menkaure (D:6)
  4 hippogriffs
  3 porcupines
  7 water moccasins
  2 sky beasts
  2 necrophages
  An ice beast (D:8)
  2 phantoms
  3 wolves (D:8)
  5 ogres
  5 crocodiles
  4 elf zombies (Ossuary)
  A big kobold (D:7)
  9 giant frogs
  A wyvern skeleton (D:7)
  4 scorpions
  5 wights (D:9)
  A killer bee (Lair:1)
  An electric eel (Lair:2)
  4 howler monkeys
  2 crimson imps
  A lava snake (Lair:2)
  A hound (D:7)
  4 jellies
  11 orc wizards
  4 orc priests
  A giant frog skeleton (D:4)
  5 iguanas
  8 worker ants
  A big kobold zombie (Ossuary)
  3 mummies (Ossuary)
  A hound zombie (Ossuary)
  7 adders
  16 river rats (Lair:1)
  A shadow imp (D:8)
  An adder zombie (Ossuary)
  2 oozes
  An adder skeleton (D:7)
  2 worms
  4 dart slugs
  2 giant geckos
  39 orcs
  11 giant cockroaches
  6 goblins
  4 hobgoblins
  4 quokkas
  2 ball pythons
  8 bats
  A giant gecko skeleton (D:4)
  A giant gecko zombie (D:7)
  5 giant newts
  A gnoll zombie (Ossuary)
  A goblin zombie (Ossuary)
  2 hobgoblin zombies (Ossuary)
  A jackal zombie (D:7)
  10 kobolds
  6 rats
  A spectral orc (D:3)
  A plant (Lair:2)
296 creatures vanquished.

Vanquished Creatures (collateral kills)
  A mummy (Ossuary)
  A kobold zombie (Ossuary)
2 creatures vanquished.

Vanquished Creatures (others)
  2 fungi (Lair:1)
2 creatures vanquished.

Grand Total: 300 creatures vanquished

Notes
Turn   | Place    | Note
--------------------------------------------------------------
     0 | D:1      | Alarkh the Vampire Skald began the quest for the Orb.
     0 | D:1      | Reached XP level 1. HP: 16/16 MP: 3/3
   128 | D:1      | Reached skill level 3 in Unarmed Combat
   128 | D:1      | Reached XP level 2. HP: 16/22 MP: 1/5
   569 | D:2      | Learned a level 2 spell: Shroud of Golubria
   612 | D:2      | Reached XP level 3. HP: 27/27 MP: 3/6
   728 | D:2      | Reached skill level 4 in Unarmed Combat
  1059 | D:2      | Reached XP level 4. HP: 23/33 MP: 2/7
  1651 | D:3      | Reached skill level 5 in Unarmed Combat
  1813 | D:3      | Found a basalt altar of Yredelemnul.
  2267 | D:4      | Reached skill level 6 in Unarmed Combat
  2267 | D:4      | Reached XP level 5. HP: 38/38 MP: 4/8
  2280 | D:4      | Noticed an ogre
  2297 | D:3      | Killed an ogre
  2353 | D:4      | Reached skill level 7 in Unarmed Combat
  2353 | D:4      | Reached XP level 6. HP: 34/44 MP: 1/9
  2379 | D:4      | Got an ichor-stained helmet
  2385 | D:4      | Identified the cursed -5 helmet of Leapfrog {rF+} (You found it on level 4 of the Dungeon)
  2573 | D:4      | Reached skill level 8 in Unarmed Combat
  3177 | D:5      | Entered Level 5 of the Dungeon
  3189 | D:5      | Reached XP level 7. HP: 47/49 MP: 5/10
  3254 | D:5      | Reached skill level 9 in Unarmed Combat
  3525 | D:5      | Got an encrusted broad axe
  3526 | D:5      | Identified the cursed +1 broad axe of Gluttony {pain, rC+ MR+ Str-2 Dex+9} (You found it on level 5 of the Dungeon)
  3563 | D:5      | Found an ancient bone altar of Kikubaaqudgha.
  3733 | D:5      | Became a worshipper of Kikubaaqudgha
  3755 | D:6      | Reached skill level 10 in Unarmed Combat
  3794 | D:6      | Noticed Menkaure
  3802 | D:6      | Killed Menkaure
  3802 | D:6      | Reached skill level 1 in Stealth
  3802 | D:6      | Reached XP level 8. HP: 38/56 MP: 1/11
  3901 | D:6      | Got a shimmering long sword
  3902 | D:6      | Identified the +3 long sword of Conversion {venom, *Noise Int-4 Dex+8} (You found it on level 6 of the Dungeon)
  3978 | D:6      | Reached skill level 1 in Necromancy
  4119 | D:6      | Found a glowing golden altar of the Shining One.
  4291 | D:6      | Learned a level 3 spell: Regeneration
  4296 | D:6      | Found a staircase to the Ecumenical Temple.
  4305 | Temple   | Entered the Ecumenical Temple
  4663 | D:7      | Found a sand-covered staircase.
  4683 | D:7      | Reached * piety under Kikubaaqudgha
  4683 | D:7      | Received a gift from Kikubaaqudgha
  4684 | D:7      | Identified Kikubaaqudgha's Handbook of Evil (Kikubaaqudgha gifted it to you on level 7 of the Dungeon)
  4688 | D:7      | Learned a level 2 spell: Sublimation of Blood
  4693 | D:7      | Learned a level 4 spell: Control Undead
  4694 | Ossuary  | Entered an ossuary
  4889 | Ossuary  | Reached XP level 9. HP: 34/63 MP: 0/13
  5069 | D:7      | Reached skill level 11 in Unarmed Combat
  5116 | D:7      | Got an encrusted trident
  5117 | D:7      | Identified the +9 trident of the Four Hells {antimagic, *Confuse rElec rPois Int+9} (You found it on level 7 of the Dungeon)
  5508 | D:7      | Found a shadowy altar of Dithmenos.
  5752 | D:8      | Found Kunad's Magic Scroll Shop.
  5759 | D:8      | Bought a scroll of magic mapping for 52 gold pieces
  5759 | D:8      | Bought a scroll of identify for 30 gold pieces
  5759 | D:8      | Bought a scroll of identify for 30 gold pieces
  5759 | D:8      | Bought a scroll of identify for 30 gold pieces
  5878 | D:8      | Found an opulent altar of Gozag.
  6156 | D:8      | Reached skill level 5 in Stealth
  6223 | D:8      | Noticed Grum
  6261 | D:8      | HP: 2/65 [Grum/enchanted spear (13)]
  6479 | D:8      | Noticed Joseph
  6481 | D:8      | Noticed Erica
  6508 | D:8      | Killed Erica
  6508 | D:8      | Reached skill level 5 in Dodging
  6508 | D:8      | Reached XP level 10. HP: 47/72 MP: 0/16
  6866 | D:8      | Killed Grum
  6887 | D:8      | Killed Joseph
  6887 | D:8      | Reached skill level 12 in Unarmed Combat
  7035 | D:9      | Reached skill level 5 in Necromancy
  7050 | D:9      | Found a staircase to the Orcish Mines.
  7115 | D:9      | Found a staircase to the Lair.
  7848 | Lair:1   | Entered Level 1 of the Lair of Beasts
  7848 | Lair:1   | Noticed a four-headed hydra
  7862 | Lair:1   | Noticed an eight-headed hydra
  7923 | Lair:1   | Reached skill level 5 in Fighting
  8004 | Lair:1   | Reached ** piety under Kikubaaqudgha
  8030 | Lair:1   | Reached skill level 5 in Spellcasting
  8146 | Lair:1   | Killed a four-headed hydra
  8150 | Lair:1   | Reached XP level 11. HP: 31/80 MP: 8/18
  8179 | Lair:1   | Noticed Wellan's ghost (novice MiFi)
  8879 | Lair:2   | Noticed Gastronok
  8909 | Lair:2   | Killed Gastronok
  8909 | Lair:2   | Reached skill level 13 in Unarmed Combat
  9606 | Lair:1   | Reached skill level 10 in Stealth
  9707 | Lair:1   | Reached *** piety under Kikubaaqudgha
  9707 | Lair:1   | Received a gift from Kikubaaqudgha
  9726 | Lair:1   | Identified Kikubaaqudgha's Disquisition on Dark Magic (Kikubaaqudgha gifted it to you on level 1 of the Lair of Beasts)
  9733 | Lair:1   | Learned a level 5 spell: Dispel Undead
  9929 | Lair:1   | Killed Wellan's ghost
  9976 | Lair:1   | Reached XP level 12. HP: 57/89 MP: 9/21
 10110 | Lair:1   | Killed an eight-headed hydra
 10521 | Lair:3   | Found a dark tunnel.
 10545 | Volcano  | Entered a volcano
 10667 | Volcano  | Reached skill level 14 in Unarmed Combat
 11059 | Lair:3   | Noticed an eight-headed hydra
 11115 | Lair:2   | HP: 1/89 [blink frog (14)]
 11115 | Lair:2   | Demolished by a blink frog

Skill      XL: |  1  2  3  4  5  6  7  8  9 10 11 12 |
---------------+-------------------------------------+-----
Unarmed Combat | 3 4 6 7 8 10 11 12 13 14 | 14.2
Fighting       | 2 3 4 5 6 |  6.9
Stealth        | 1 3 6 8 10 | 10.9
Necromancy     | 2 4 5 7 |  7.7
Dodging        | 3 5 6 7 |  7.9
Spellcasting   | 3 4 5 6 |  6.7
Armour         | |  0.7
Charms         | |  3.2

Action                   |  1- 3 |  4- 6 |  7- 9 | 10-12 || total
-------------------------+-------+-------+-------+-------++-------
Melee: Unarmed           |    97 |   130 |   431 |   659 ||  1317
       Bite              |     7 |     9 |    28 |    78 ||   122
       Punch             |     1 |     3 |    20 |    41 ||    65
 Cast: Infusion          |    15 |    18 |    38 |    42 ||   113
       Shroud of Golubri |       |     4 |    12 |    26 ||    42
       Control Undead    |       |       |     1 |       ||     1
       Regeneration      |       |       |       |    46 ||    46
 Abil: End Transformatio |       |       |     2 |     2 ||     4
       Bat Form          |       |       |     2 |     2 ||     4
Evoke: Wand              |       |       |       |    13 ||    13
  Use: Scroll            |     3 |     7 |    10 |     8 ||    28
       Potion            |     1 |    11 |    16 |    32 ||    60
 Stab: Sleeping          |       |       |     9 |    16 ||    25
Armor: Leather armour    |    27 |    41 |   152 |   115 ||   335
       Skin              |       |       |       |    23 ||    23
Dodge: Dodged            |    62 |    57 |   208 |   407 ||   734
